 Dungeon Crawl Stone Soup version 0.18-a0-1730-g73f0523 (webtiles) character file.

9921 dobroeutro the Blocker (level 11, -1/63 HPs)
             Began as a Gargoyle Fighter on Apr 10, 2016.
             Was an Elder of the Shining One.
             Slain by Snorg (13 damage)
             ... on level 10 of the Dungeon.
             The game lasted 00:37:56 (11169 turns).

dobroeutro the Blocker (Gargoyle Fighter)          Turns: 11169, Time: 00:37:57

Health: -1/63      AC: 35    Str: 22    XL:     11   Next: 54%
Magic:  11/11      EV:  7    Int:  4    God:    the Shining One [****..]
Gold:   903        SH: 12    Dex: 15    Spells: 0 memorised, 10 levels left

rFire  + . .     SeeInvis .     a - +1 flail
rCold  . . .     Gourm    .     I - +9 chain mail of Awe {rN+ rCorr Int-5 Dex+5}
rNeg   + + +     Faith    .     c - +0 shield
rPois  ∞         Spirit   .     (helmet restricted)
rElec  +         Dismiss  .     g - +0 cloak
rCorr  +         Reflect  .     (no gloves)
SustAt .         Harm     .     s - +0 pair of boots
MR     .....     Rnd*Rage +     (no amulet)
Stlth  ..........               G - +4 ring of protection
                                N - ring of protection from fire

@: glowing, not resistant to hostile enchantments, extremely unstealthy
A: horns 1, molten scales 1, berserk 1, frail 1, negative energy resistance 1,
sense surroundings 1, electricity resistance, unbreathing, petrification
resistance, rot immunity, AC +7
a: Divine Shield, Cleansing Flame, Renounce Religion


You were on level 10 of the Dungeon.
You worshipped the Shining One.
The Shining One was greatly pleased with you.
You were not hungry.

You visited 1 branch of the dungeon, and saw 11 of its levels.
You also visited: Sewer.

You collected 903 gold pieces.

Inventory:

Hand Weapons
 a - a +1 flail (weapon)
Missiles
 z - 3 javelins (quivered)
Armour
 b - a +0 scale mail
 c - a +0 shield (worn)
 e - a +1 helmet
 g - a +0 cloak (worn)
 s - a +0 pair of boots (worn)
 I - the +9 chain mail of Awe (worn) {rN+ rCorr Int-5 Dex+5}
   (You found it on level 9 of the Dungeon)

   It affects your intelligence (-5).
   It affects your dexterity (+5).
   It protects you from negative energy.
   It protects you from acid and corrosion.
Jewellery
 r - an uncursed ring of protection from cold
 G - a +4 ring of protection (right hand)
 N - a ring of protection from fire (left hand)
Wands
 p - a wand of slowing (24/48)
 A - a wand of disintegration (14/24)
 B - a wand of enslavement (5/24)
 D - a wand of iceblast (10/15)
 H - a wand of slowing (18/48)
 M - a wand of disintegration (14/24)
Scrolls
 j - 3 scrolls of blinking {unknown}
 k - 6 scrolls of teleportation {unknown}
 m - 3 scrolls of fog {unknown}
 n - 14 scrolls of identify {unknown}
 o - a scroll of enchant armour {unknown}
 q - 3 scrolls of magic mapping
 t - 2 scrolls of enchant weapon
 v - 2 scrolls of recharging {unknown}
 w - 5 scrolls of remove curse {unknown}
 y - 4 scrolls of fear
 C - a scroll of summoning {unknown}
 F - a scroll of random uselessness {unknown}
 K - a scroll of noise {unknown}
 O - a scroll of amnesia {unknown}
 P - a scroll of torment {unknown}
Potions
 d - a potion of might
 h - a potion of haste
 i - a potion of berserk rage
 x - a potion of degeneration
 L - 2 potions of curing
Comestibles
 f - 8 bread rations
 l - 5 meat rations
 u - 3 fruits
 E - a slice of pizza
 J - 3 chunks of flesh


   Skills:
 + Level 9.4 Fighting
 + Level 10.7 Maces & Flails
 + Level 8.6 Armour
 - Level 0.1 Dodging
 + Level 10.8 Shields
 + Level 0.3 Evocations


You had 10 spell levels left.
You didn't know any spells.

Dungeon Overview and Level Annotations

Branches:
Dungeon (11/15)            Temple (0/1) D:7            Lair (0/8) D:11
    Orc: D:9-12

Altars:
Dithmenos
Elyvilon
Gozag
Kikubaaqudgha
Okawaru
Pakellas
Sif Muna
Xom
Zin
The Shining One

Shops:
D:6 [}%*   D:7 *}   D:8 }

Annotations:
D:8 Gastronok
D:10 Snorg


Innate Abilities, Weirdness & Mutations

You are resistant to torment.
Your stone body is resilient (AC +7).
You are immune to poison.
You resist negative energy.
You are resistant to electric shocks.
You can survive without breathing.
You are immune to petrification.
You are immune to rotting.
You have a pair of small horns on your head.
You are partially covered in molten scales (AC +1).
You tend to lose your temper in combat.
You are frail (-10% HP).
You passively map a small area around you.


Message History

You bludgeon Snorg!! You headbutt Snorg.
Snorg is severely wounded.
Snorg bites you!
* * * LOW HITPOINT WARNING * * *
Snorg claws you but does no damage. Snorg claws you.
* * * LOW HITPOINT WARNING * * *
You block Snorg's attack. Snorg claws you!
* * * LOW HITPOINT WARNING * * *
You block Snorg's attack.
You feel better. You block Snorg's attack. Snorg claws you but does no damage.
You block Snorg's attack. Snorg bites you!
The Shining One protects you from harm! Snorg closely misses you.
Snorg claws you but does no damage.
Snorg rages.
You block Snorg's attack. Snorg claws you but does no damage.
Snorg closely misses you. Snorg bites you but does no damage.
You block Snorg's attack. Snorg claws you.
* * * LOW HITPOINT WARNING * * *
You block Snorg's attack. x2; Snorg claws you!
You die...

###### #.#..######
#<.....T@.#
#####.#..####.#
#.....#..# #.#
#.#####..# #.# #
#.##.....# #.#
#####)##.##.#####.#
'....>##.##.......#
########'##########
........(...#


You could see Snorg (berserk).

Vanquished Creatures
  An unseen horror (D:10)
  A deep elf mage (D:9)
  Pikel (D:7)
  A manticore (D:9)
  A troll (D:9)
  3 two-headed ogres
  Prince Ribbit (D:6)
  A spriggan (D:7)
  7 yaks (D:10)
  A wyvern (D:10)
  A wraith (D:7)
  3 hungry ghosts
  A steam dragon (D:9)
  A hippogriff (D:9)
  2 water moccasins
  Purgy (Sewer)
  3 ice beasts
  A black bear (D:9)
  An orc warrior (D:8)
  2 phantoms
  5 sky beasts
  6 centaurs
  4 ogres
  2 big kobolds
  4 giant frogs
  A gnoll sergeant (D:8)
  15 killer bees
  8 crimson imps
  A giant frog zombie (D:9)
  7 hounds
  3 jellies
  2 centaur skeletons
  4 orc priests
  A gnoll shaman (D:7)
  9 orc wizards
  Crazy Yiuf (D:2)
  An iguana (D:10)
  Natasha (thrice) (D:4)
  5 worker ants
  The ghost of 4thArraOfDagon the Chopper, a weakling HOBe of Trog (D:4)
  2 hound skeletons
  A worker ant zombie (D:7)
  A howler monkey skeleton (D:4)
  9 adders
  13 gnolls
  A shadow imp (D:9)
  An ooze (D:2)
  3 worms
  2 dart slugs (D:1)
  6 giant geckos
  27 orcs
  A giant cockroach (D:1)
  5 goblins
  8 hobgoblins
  13 jackals
  9 quokkas
  A sheep (D:2)
  A ball python (D:1)
  11 bats
  6 giant newts
  A jackal skeleton (D:6)
  14 kobolds
  A quokka skeleton (D:7)
  3 rats
257 creatures vanquished.

Vanquished Creatures (others)
  4 slaves (D:7)
4 creatures vanquished.

Grand Total: 261 creatures vanquished

Notes
Turn   | Place    | Note
--------------------------------------------------------------
     0 | D:1      | dobroeutro the Gargoyle Fighter began the quest for the Orb.
     0 | D:1      | Reached XP level 1. HP: 14/14 MP: 1/1
   274 | D:1      | Reached XP level 2. HP: 19/19 MP: 2/2
   645 | D:1      | Reached XP level 3. HP: 24/24 MP: 3/3
   841 | D:2      | Found a glowing golden altar of the Shining One.
   854 | D:2      | Became a worshipper of the Shining One
  1112 | D:2      | Reached XP level 4. HP: 23/29 MP: 4/4
  1262 | D:2      | Found a shimmering altar of Xom.
  1372 | D:2      | Reached XP level 5. HP: 23/33 MP: 5/5
  1554 | D:2      | Noticed Crazy Yiuf
  1563 | D:2      | Killed Crazy Yiuf
  1897 | D:3      | Reached skill level 5 in Shields
  1909 | D:3      | Reached XP level 6. HP: 38/38 MP: 6/6
  1994 | D:3      | Found a faded altar to an unknown god.
  1994 | D:3      | Reached * piety under the Shining One
  2804 | D:4      | Reached XP level 7. HP: 43/44 MP: 7/7
  2823 | D:4      | Noticed 4thArraOfDagon's ghost (weakling HOBe)
  2833 | D:4      | Killed 4thArraOfDagon's ghost
  2874 | D:4      | Found a glowing golden altar of the Shining One.
  3056 | D:4      | Noticed Natasha
  3066 | D:4      | Killed Natasha
  3066 | D:4      | Reached skill level 5 in Armour
  3127 | D:4      | Noticed Natasha
  3133 | D:4      | Killed Natasha
  3172 | D:4      | Noticed Natasha
  3223 | D:4      | Killed Natasha
  3366 | D:5      | Entered Level 5 of the Dungeon
  3398 | D:5      | Found an opulent altar of Gozag.
  3425 | D:5      | Found a shadowy altar of Dithmenos.
  3685 | D:5      | Reached ** piety under the Shining One
  3706 | D:5      | Reached skill level 5 in Fighting
  4108 | D:5      | Found an iron altar of Okawaru.
  4519 | D:6      | Found a glowing drain.
  4533 | Sewer    | Entered a sewer
  4551 | Sewer    | Noticed Purgy
  4567 | Sewer    | Killed Purgy
  4567 | Sewer    | Reached skill level 5 in Maces & Flails
  4567 | Sewer    | Reached XP level 8. HP: 41/49 MP: 8/8
  4951 | D:6      | Found Wecwaepu's Food Shop.
  4955 | D:6      | Found Vof Baun's Assorted Antiques.
  4978 | D:6      | Noticed Prince Ribbit
  5017 | D:6      | Found a white marble altar of Elyvilon.
  5089 | D:6      | Killed Prince Ribbit
  5125 | D:6      | Found Tuask's Armour Emporium.
  5350 | D:6      | Found Wauqazy's Gadget Boutique.
  5421 | D:6      | Got a heavily jewelled robe
  5432 | D:6      | Identified the +1 robe of the Cockroach {rElec rF- Dex+2} (You found it on level 6 of the Dungeon)
  5954 | D:6      | Reached XP level 9. HP: 55/55 MP: 9/9
  6001 | D:7      | Found a staircase to the Ecumenical Temple.
  6112 | D:7      | Found Ariala's Gadget Shoppe.
  6155 | D:7      | Noticed Pikel
  6180 | D:7      | Killed Pikel
  6261 | D:7      | Found Zin's Purification Station.
  6266 | D:7      | Found a glowing silver altar of Zin.
  6633 | D:8      | Reached *** piety under the Shining One
  7386 | D:8      | Noticed Gastronok
  7428 | D:7      | Reached XP level 10. HP: 55/63 MP: 10/10
  7498 | D:8      | Found a deep blue altar of Sif Muna.
  7627 | D:8      | Found an oddly glowing altar of Pakellas.
  7699 | D:8      | Found Bearchoso's Gadget Emporium.
  7798 | D:8      | Gained mutation: You are frail (-10% HP). [mutagenic meat]
  7799 | D:8      | Gained mutation: You tend to lose your temper in combat. [mutagenic meat]
  7977 | D:8      | Found an ancient bone altar of Kikubaaqudgha.
  8457 | D:9      | Noticed a deep elf mage
  8966 | D:9      | Killed a deep elf mage
  8991 | D:9      | Found an opulent altar of Gozag.
  8992 | D:9      | Noticed a manticore
  8992 | D:9      | Reached **** piety under the Shining One
  9003 | D:9      | Lost mutation: You are frail (-10% HP). [potion of cure mutation]
  9003 | D:9      | Lost mutation: You tend to lose your temper in combat. [potion of cure mutation]
  9009 | D:9      | Killed a manticore
  9328 | D:9      | Got a translucent chain mail
  9437 | D:9      | Identified the +9 chain mail of Awe {rN+ rCorr Int-5 Dex+5} (You found it on level 9 of the Dungeon)
  9494 | D:9      | Reached XP level 11. HP: 59/69 MP: 11/11
  9519 | D:9      | Reached skill level 10 in Shields
  9765 | D:10     | Entered Level 10 of the Dungeon
  9783 | D:10     | Gained mutation: You are frail (-10% HP). [mutagenic meat]
  9918 | D:10     | Reached skill level 10 in Maces & Flails
 10752 | D:11     | Noticed an unseen horror
 10794 | D:10     | Killed an unseen horror
 11041 | D:11     | Found a staircase to the Lair.
 11100 | D:11     | Gained mutation: You have a pair of small horns on your head. [mutagenic meat]
 11101 | D:11     | Gained mutation: You tend to lose your temper in combat. [mutagenic meat]
 11102 | D:11     | Gained mutation: You are partially covered in molten scales (AC +1). [mutagenic meat]
 11103 | D:11     | Gained mutation: You passively map a small area around you. [mutagenic meat]
 11118 | D:11     | Noticed Snorg
 11163 | D:10     | The Shining One protects you from harm!
 11169 | D:10     | Slain by Snorg

Vault maps used:
D:1:      minmay_arrival_loop
D:2:      lemuel_round_altar, first_bread, dk_xom_monty_hall,
          uniq_crazy_yiuf_cottage
D:3:      lemuel_upstairs_altar, ecumenical_altar_2, grunt_ministairs_3
D:4:      minmay_crystal_water, hex_medium, nicolae_tso_carved_into_rock,
          uniq_natasha
D:5:      lemuel_crystal_altar, okawaru_ov_weapons_minmay,
          nicolae_gozag_cash_rules_everything_around_me
D:6:      elyvilon_altar_1, portal_sewer_entry_d, serial_shops,
          nicolae_shop_overgrown_old_shop, kennysheep_little_box,
          nicolae_shop_behind_doors, shop, minmay_misc_feat_four_crosses,
          kennysheep_generic_room_4, uniq_prince_ribbit1
D:7:      zin_purify, minmay_temple_entry_hall, serial_shops,
          kennysheep_mini_moat, uniq_pikel
D:8:      lemuel_doored_altar, old_standard_altar, serial_shops, shop,
          the_bakery, lemuel_blue_sif_altar, uniq_gastronok
D:9:      hangedman_cross_cluster
D:11:     lair_0_dummy, grunt_ministairs_10, uniq_snorg
Sewer:    kennysheep_door_sewer

Skill      XL: |  1  2  3  4  5  6  7  8  9 10 11 |
---------------+----------------------------------+-----
Shields        | 4 5 6 7 8 9 10 | 10.8
Fighting       | 4 5 6 7 8 9 |  9.4
Armour         | 4 5 6 7 8 |  8.6
Maces & Flails | 3 5 6 8 9 10 | 10.7
Dodging        | |  0.1
Evocations     | |  0.3

Action                   |  1- 3 |  4- 6 |  7- 9 | 10-12 || total
-------------------------+-------+-------+-------+-------++-------
Melee: Flail             |   132 |   154 |   427 |   504 ||  1217
Evoke: Wand              |       |       |     1 |       ||     1
  Use: Scroll            |       |       |     3 |       ||     3
       Potion            |       |       |     5 |     5 ||    10
  Eat: Chunk             |     1 |     6 |    12 |    23 ||    42
       Fruit             |       |       |     1 |       ||     1
       Bread ration      |       |       |     1 |     1 ||     2
       Beef jerky        |       |       |       |     1 ||     1
